cohdb
Replays
Latest Replays
All Replays
Popular Replays
Top Player Replays
Match Explorer
How It Works
Community
CoH3 Stats
Reddit
Sign in to upload your games and track your stats! →
Sign in with Steam
Match 38303117
Unlisted
Match 38303117
Overview
Messages
Build Orders
End
Pioneer Squad
Construct Infanterie Kompanie
Grenadier Squad
Grenadier Squad
Grenadier Squad
Construct Panzergrenadier Kompanie
251 Medium Carrier
Medical Bunker
Selects Luftwaffe Battlegroup
Selects Stuka Strafing Run
Selects Fallschirmjäger Squad Paradrop
Fallschirmjäger Squad Paradrop
MG 42 Machine Gun Team
Panzergrenadier Officer Quarters
Stuka Strafing Run
Fallschirmjäger Squad Paradrop
Construct Panzer Kompanie
Selects Stuka Loiter
Stuka Loiter
Panzer IV Medium Tank
Sturmpanzer IV Brummbär
Selects Luftwaffe Pioneer Support
Selects LG40 Recoilless Gun Paradrop
Panzer Officer Quarters
疾风琉
『BlackBear』
0
0
Comments
sign in to comment!
No comments posted yet!